 Dungeon Crawl Stone Soup version 0.28.0-53-g5a82cb258f (webtiles) character file.

Game seed: 8962566231450388778

91 MiltankisOP the Ducker (level 4, 0/33 HPs)
             Began as an Octopode Monk on July 14, 2022.
             Succumbed to an orc's poison
             ... on level 3 of the Dungeon.
             The game lasted 00:01:56 (1842 turns).

MiltankisOP the Ducker (Octopode Monk)              Turns: 1842, Time: 00:01:57

Health: 0/33       AC:  1    Str: 10    XL:     4   Next: 57%
Magic:  4/4        EV: 15    Int: 12    God:
Gold:   19         SH:  0    Dex: 16    Spells: 3/3 levels left

rFire   . . .      SeeInvis .   g - +2 dagger (elec)
rCold   . . .      Faith    .   (no shield)
rNeg    . . .      Spirit   .   (helmet restricted)
rPois   .          Reflect  .   (no amulet)
rElec   .          Harm     .   (no ring)
rCorr   .          Rampage  .   (no ring)
Will    .....                   (no ring)
Stlth   +++.......              (no ring)
HPRegen 0.11/turn               (no ring)
MPRegen 0.09/turn               (no ring)
                                (no ring)
                                (no ring)

@: lethally poisoned (0 -> -6), attractive
A: almost no armour, amphibious, 8 rings, camouflage 1, gelatinous body 1,
(nimble swimmer 1), tentacles
a: no special abilities


You were on level 3 of the Dungeon.
You visited 1 branch of the dungeon, and saw 3 of its levels.

You collected 19 gold pieces.

Inventory:

Hand Weapons
 g - a +2 dagger of electrocution (weapon)
Jewellery
 i - a ring of protection from cold
Scrolls
 e - 2 scrolls of fear {unknown}
 f - a scroll of amnesia {unknown}
 h - 2 scrolls of identify {unknown}
 k - a scroll of vulnerability {unknown}
Potions
 a - a potion of heal wounds {unknown}
 b - a potion of cancellation
 c - a potion of flight {unknown}
 j - a potion of resistance
 l - a potion of might {unknown}


   Skills:
 + Level 4.2 Fighting
 + Level 4.2 Dodging
 - Level 2.6 Stealth
 - Level 3.0 Unarmed Combat


You had 3 spell levels left.
You didn't know any spells.
Your spell library contained the following spells:

 Spells                   Type           Power      Damage    Failure   Level
 Sting                    Tmut/Pois      0%         1d3       32%         1
 Poisonous Vapours        Pois/Air       0%         N/A       45%         2
 Olgreb's Toxic Radiance  Pois           0%         N/A       97%         4


Dungeon Overview and Level Annotations

Branches:
Dungeon (3/15)

Altars:
Zin

Shops:
D:2 [


Innate Abilities, Weirdness & Mutations

You cannot wear most types of armour.
You are amphibious.
You can wear up to eight rings at the same time.
Your skin changes colour to match your surroundings (Stealth+).
Your rubbery body absorbs attacks. (AC +1, EV +1)
((You are camouflaged when in or above water. (Stealth+)))
You have tentacles for arms and can constrict up to eight enemies at once.


Message History

You hit the orc priest but do no damage.
You squeeze the orc priest, but do no damage.
You constrict the orc priest. The orc priest barely misses you.
You hit the orc priest but do no damage.
The orc priest is lightly wounded.
You constrict the orc priest, but do no damage.
The orc priest hits you with a +0 whip.
* * * LOW HITPOINT WARNING * * *
You hit the orc priest.
The orc priest is heavily wounded.
You constrict the orc priest. The orc priest closely misses you.
You hit the orc priest but do no damage.
You squeeze the orc priest, but do no damage.
The orc priest is heavily wounded.
You constrict the orc priest. The orc priest closely misses you.
You hit the orc priest but do no damage.
The orc priest is severely wounded.
You constrict the orc priest. The orc priest misses you.
You hit the orc priest.
The orc priest is almost dead.
You constrict the orc priest.
You kill the orc priest!
You hit the orc but do no damage. You grab the orc. You constrict the orc.
The orc hits you with a +1 dagger of venom.
* * * LOW HITPOINT WARNING * * *
You are lethally poisoned!
You hit the orc.
The orc is heavily wounded.
You constrict the orc.
* * * LOW HITPOINT WARNING * * *
You feel very sick. The orc closely misses you.
It was a potion of cancellation.
You feel magically purged.
You constrict the orc.
You kill the orc!
* * * LOW HITPOINT WARNING * * *
You feel sick.
It was a potion of attraction.
You feel attractive to monsters.
You die...

###. ....
#####..#
#.@).#
#.##..#
#.# #.#
##.# ...
#..# ..>
####.####
.....
#.......#
....
#.......#
....
#.......#


There were no monsters in sight!

Vanquished Creatures
  An orc priest (D:3)
  An adder (D:3)
  A dart slug (D:1)
  3 orcs (D:3)
  2 endoplasms (D:1)
  3 giant cockroaches (D:1)
  5 goblins
  3 hobgoblins (D:1)
  2 jackals (D:1)
  4 kobolds
  3 quokkas
  6 ball pythons
  A bat (D:1)
  3 frilled lizards
  5 rats
43 creatures vanquished.

Notes
Turn   | Place    | Note
-------+----------+-------------------------------------------
     0 | D:1      | MiltankisOP the Octopode Monk began the quest for the Orb.
     0 | D:1      | Reached XP level 1. HP: 16/16 MP: 1/1
   205 | D:1      | Reached XP level 2. HP: 21/21 MP: 2/2
   557 | D:1      | Reached XP level 3. HP: 22/26 MP: 3/3
   558 | D:1      | Found a faded altar of an unknown god.
  1140 | D:2      | Found a glowing silver altar of Zin.
  1584 | D:2      | Found Emogh's Armour Shoppe.
  1827 | D:3      | Reached XP level 4. HP: 15/33 MP: 4/4
  1841 | D:3      | HP: 1/33 [poisoned by an orc]
  1842 | D:3      | Succumbed to an orc's poison

Illustrated notes

Levels and vault maps discovered:
D:1:      tarquinn_simple_flora_water_f, layout_rooms,
          shapermc_ecumenical_altar_mp_highgroup
D:2:      layout_loops_ring, serial_shops, shop, basic_altar
D:3:      layout_rooms

Skill      XL: |  1  2  3  4 |
---------------+-------------+-----
Dodging        | 4 |  4.2
Fighting       | 4 |  4.2
Stealth        | |  2.6
Unarmed Combat | |  3.0

Action                   |  1- 3 |  4- 6 || total
-------------------------+-------+-------++-------
Melee: Unarmed           |    50 |       ||    50
       Constrict         |    20 |     2 ||    22
       Tentacles         |    14 |     2 ||    16
       Punch             |     2 |       ||     2
       Dagger            |    28 |    10 ||    38
  Use: Potion            |       |     2 ||     2
 Stab: Sleeping          |     5 |       ||     5
Armor: Skin              |     2 |       ||     2
Dodge: Dodged            |    52 |     6 ||    58
